 Dungeon Crawl Stone Soup version 0.24-a0-447-ge8da920 (console) character file.

Game seed: 9230998856056132958

2023 swinepaste the Carver (level 9, -5/74 HPs)
             Began as a Grey Draconian Monk on June 25, 2019.
             Was a Priest of Okawaru.
             Killed by nerve-wracking pain
             ... invoked by Menkaure
              (14 damage)
             ... on level 6 of the Dungeon.
             The game lasted 00:15:56 (6937 turns).

swinepaste the Carver (Grey Draconian Monk)         Turns: 6937, Time: 00:15:57

Health: -5/74      AC: 17    Str: 12    XL:     9   Next: 3%
Magic:  9/9        EV: 15    Int: 13    God:    Okawaru [***...]
Gold:   215        SH:  0    Dex: 18    Spells: 8/8 levels left

rFire    + . .     SeeInvis +   a - +1 falchion
rCold    . . .     Gourm    .   (no shield)
rNeg     . . .     Faith    .   (armour unavailable)
rPois    +         Spirit   .   q - +2 hat
rElec    .         Reflect  .   r - +0 cloak
rCorr    .         Harm     .   (no gloves)
MR       .....                  (no boots)
Stlth    ++........             (no amulet)
HPRegen  0.22/turn              B - +2 ring of protection
MPRegen  0.11/turn              n - ring of protection from fire

@: no status effects
A: walk through water, unfitting armour, see invisible, agile 1, clever 1, low
mp 1, poison resistance, weak 1, unbreathing, cold-blooded, AC +12
a: Heroism, Renounce Religion


You were on level 6 of the Dungeon.
You worshipped Okawaru.
Okawaru was most pleased with you.
You were not hungry.

You visited 2 branches of the dungeon, and saw 7 of its levels.

You collected 215 gold pieces.

Inventory:

Hand Weapons
 a - a +1 falchion (weapon)
Missiles
 p - 18 poisoned darts (quivered)
Armour
 q - a +2 hat (worn)
 r - a +0 cloak (worn)
Jewellery
 n - a ring of protection from fire (right hand)
 s - a +3 ring of dexterity
 B - a +2 ring of protection (left hand)
Wands
 d - a wand of digging (3)
 v - a wand of random effects (9)
Scrolls
 c - 7 scrolls of identify
 e - a scroll of fog
 g - 2 scrolls of blinking
 m - 2 scrolls of enchant armour
 o - 2 scrolls of immolation
 u - 2 scrolls of remove curse
 y - a scroll of teleportation
Potions
 f - a potion of cancellation
 h - a potion of curing
 j - a potion of agility {unknown}
 w - 2 potions of might {unknown}
 A - a potion of heal wounds {unknown}
Comestibles
 b - 13 rations


   Skills:
 + Level 5.4 Fighting
 * Level 9.9 Long Blades
 - Level 3.0 Throwing
 - Level 4.5 Dodging
 - Level 1.7 Stealth
 - Level 2.3 Invocations


You had 8 spell levels left.
You didn't know any spells.
Your spell library contained the following spells:

 Spells                   Type           Power        Failure   Level  Hunger
 Beastly Appendage        Tmut           #.....       30%         1    ##.....
 Magic Dart               Conj           #...         30%         1    ##.....
 Blink                    Tloc           N/A          43%         2    ###....
 Call Imp                 Summ           #.......     43%         2    ###....
 Searing Ray              Conj           #.....       43%         2    ###....
 Slow                     Hex            #.......     43%         2    ###....
 Sticks to Snakes         Tmut           #.......     43%         2    ###....
 Conjure Flame            Conj/Fire      #.......     67%         3    ####...
 Dazzling Spray           Conj/Hex       #.....       67%         3    ####...
 Mephitic Cloud           Conj/Pois/Air  #.......     67%         3    ####...
 Spider Form              Tmut/Pois      #.........   67%         3    ####...
 Force Lance              Conj/Tloc      #.......     97%         4    #####..
 Fulminant Prism          Conj/Hex       #.........   97%         4    #####..
 Ice Form                 Ice/Tmut       #.......     97%         4    #####..
 Iskenderun's Mystic Bla  Conj           #.......     97%         4    #####..
 Blade Hands              Tmut           #.........   100%        5    ######.


Dungeon Overview and Level Annotations

Branches:
Dungeon (6/15)             Temple (1/1) D:5

Altars:
Ashenzari
Cheibriados
Elyvilon
Hepliaklqana
Makhleb
Okawaru
Qazlal
Sif Muna
Wu Jian
Xom
The Shining One

Annotations:
D:5 1 runed translucent door, pkoi's ghost, novice DsFi
D:6 Menkaure


Innate Abilities, Weirdness & Mutations

You can walk through water.
Your dull iron-grey scales are very hard. (AC +12)
You cannot fit into any form of body armour.
You can survive without breathing.
You are cold-blooded and may be slowed by cold attacks.
You have supernaturally acute eyesight. (SInv)
You are agile. (Dex +2)
Your mind is acute. (Int +2)
Your magical capacity is low. (-10% MP)
Your system is resistant to poisons. (rPois)
You are weak. (Str -2)


Message History

Evoke which item? (* to show all) (? for menu, Esc to quit)
Aiming: Random Effects
Press: ? - help, Shift-Dir - straight line, f - Menkaure
Aim: Menkaure The puff of flame misses Menkaure.
You closely miss Menkaure. Menkaure casts a spell at you.
Pain shoots through your body!
You slash Menkaure!
Menkaure is moderately damaged.
You hit Menkaure but do no damage.
Menkaure is moderately damaged.
Menkaure hits you!!
* * * LOW HITPOINT WARNING * * *
You hit Menkaure.
Menkaure is heavily damaged.
Menkaure shouts, "Why can't you leave me to my rest?"
Menkaure gestures at you while chanting.
Pain shoots through your body!
You die...

****###########
*..,..........##
*#M*#######....######
#.* #...........# #.*
#.#.....###.# #.*
#.#.....###.# #.*
#.#.....#>...
#.######.#..........
#.Md.....#.....#.#.#
##########..####.#.#
#.....,..#.#
##..####.#.#
#..#*,..#..
#..#*,#.###
##.#*,#..,*
#.#*,***,* *,,,,,,,,*


You could see Menkaure.

Vanquished Creatures
  Edmund (D:6)
  Duvessa (D:4)
  A water moccasin (D:5)
  An ice beast (D:6)
  2 sky beasts
  2 ogres (D:6)
  5 centaurs
  A bullfrog (D:3)
  Dowan (D:4)
  A howler monkey (D:6)
  A crimson imp (D:6)
  An orc priest (D:6)
  A jelly (D:5)
  Crazy Yiuf (D:2)
  2 hounds
  Ijyb (D:5)
  3 orc wizards
  6 worker ants
  6 gnolls
  11 adders
  A shadow imp (D:5)
  An ooze (D:5)
  An adder skeleton (D:5)
  2 worms
  4 dart slugs
  4 leopard geckos
  17 orcs
  6 giant cockroaches
  6 goblins
  6 hobgoblins
  13 jackals
  3 quokkas
  5 bats
  7 frilled lizards
  A jackal skeleton (D:5)
  9 kobolds
  A leopard gecko zombie (D:5)
  A quokka skeleton (D:5)
  12 rats
149 creatures vanquished.

Notes
Turn   | Place    | Note
-------+----------+-------------------------------------------
     0 | D:1      | swinepaste the Draconian Monk began the quest for the Orb.
     0 | D:1      | Reached XP level 1. HP: 19/19 MP: 1/1
   108 | D:1      | Reached XP level 2. HP: 11/26 MP: 2/2
   786 | D:1      | Reached XP level 3. HP: 31/31 MP: 3/3
  1363 | D:2      | Reached skill level 4 in Long Blades
  1626 | D:2      | Found a runed translucent door.
  1627 | D:2      | Noticed Crazy Yiuf
  1648 | D:2      | Killed Crazy Yiuf
  1648 | D:2      | Reached XP level 4. HP: 38/38 MP: 4/4
  2112 | D:3      | Found a deep blue altar of Sif Muna.
  2140 | D:3      | Noticed a bullfrog
  2169 | D:3      | Reached skill level 5 in Long Blades
  2177 | D:3      | Killed a bullfrog
  2177 | D:3      | Reached XP level 5. HP: 25/45 MP: 5/5
  3064 | D:4      | Reached XP level 6. HP: 51/51 MP: 6/6
  3133 | D:4      | Reached skill level 6 in Long Blades
  3604 | D:4      | Noticed Duvessa
  3605 | D:4      | Noticed Dowan
  3636 | D:4      | Killed Duvessa
  3647 | D:4      | Gained mutation: Your system is resistant to poisons.
                  | (rPois) [potion of mutation]
  3647 | D:4      | Gained mutation: Your magical capacity is low. (-10% MP)
                  | [potion of mutation]
  3647 | D:4      | Gained mutation: You are weak. (Str -2) [potion of
                  | mutation]
  3647 | D:4      | Gained mutation: You have supernaturally acute eyesight.
                  | (SInv) [potion of mutation]
  3680 | D:4      | Killed Dowan
  3826 | D:4      | Lost mutation: Your magical capacity is low. (-10% MP)
                  | [potion of mutation]
  3826 | D:4      | Gained mutation: Your magical capacity is low. (-10% MP)
                  | [potion of mutation]
  3826 | D:4      | Gained mutation: You are agile. (Dex +2) [potion of
                  | mutation]
  3826 | D:4      | Gained mutation: Your mind is acute. (Int +2) [potion of
                  | mutation]
  3923 | D:4      | Your scales start taking on a dull iron-grey colour.
  3923 | D:4      | Reached XP level 7. HP: 49/57 MP: 6/6
  3923 | D:4      | Gained mutation: You can survive without breathing. [Grey
                  | Draconian growth]
  3989 | D:5      | Entered Level 5 of the Dungeon
  4015 | D:5      | Noticed Ijyb
  4022 | D:5      | Reached skill level 7 in Long Blades
  4031 | D:5      | Killed Ijyb
  4230 | D:5      | Found a stormy altar of Qazlal.
  4301 | D:5      | Found a runed translucent door.
  4301 | D:5      | Noticed pkoi's ghost (novice DsFi)
  4714 | D:5      | Reached skill level 8 in Long Blades
  4941 | D:5      | Reached skill level 5 in Fighting
  4941 | D:5      | Reached XP level 8. HP: 66/68 MP: 7/7
  5090 | D:5      | Found a staircase to the Ecumenical Temple.
  5096 | Temple   | Entered the Ecumenical Temple
  5220 | Temple   | Became a worshipper of Warmaster Okawaru
  5220 | Temple   | Reached * piety under Okawaru
  5220 | Temple   | Reached ** piety under Okawaru
  5412 | D:5      | Reached skill level 1 in Invocations
  6060 | D:6      | Reached skill level 9 in Long Blades
  6060 | D:6      | Reached skill level 1 in Throwing
  6065 | D:6      | Found a shimmering altar of Xom.
  6065 | D:6      | Found a shimmering altar of Xom.
  6065 | D:6      | Found a shimmering altar of Xom.
  6067 | D:6      | Found a shimmering altar of Xom.
  6067 | D:6      | Found a shimmering altar of Xom.
  6366 | D:6      | Noticed Edmund
  6395 | D:6      | Killed Edmund
  6695 | D:6      | Reached *** piety under Okawaru
  6698 | D:6      | Reached XP level 9. HP: 37/74 MP: 9/9
  6925 | D:6      | Noticed Menkaure
  6937 | D:6      | Killed from afar by Menkaure

Levels and vault maps discovered:
D:1:      lemuel_arrival_behind_the_door_small, layout_loops_cross,
          chequers_hall_statues_y
D:2:      layout_loops_ring, first_ration, uniq_crazy_yiuf_cottage
D:3:      layout_basic, led_sif_pool
D:4:      layout_basic, uniq_duvessa
D:5:      layout_layer_cave, nicolae_qazlal_general_emergency,
          minmay_temple_entry_drinking_statues, serial_glass, glass_columns_b,
          glass_columns_c, item_on_display_b, item_on_display_a,
          minmay_strange_pillars, minmay_strange_pillars, gammafunk_ghost_grave,
          st_stairs_1, kennysheep_big_empty_room, hangedman_decor_slide_cut,
          uniq_ijyb
D:6:      layout_basic, xom_redecorated, uniq_edmund, uniq_menkaure
Temple:   nicolae_temple_figure_zero

Skill      XL: |  1  2  3  4  5  6  7  8 |
---------------+-------------------------+-----
Dodging        | 3 4 |  4.5
Long Blades    | 4 5 6 8 9 |  9.9
Fighting       | 5 |  5.4
Invocations    | 2 |  2.3
Throwing       | 3 |  3.0
Stealth        | |  1.7

Action                   |  1- 3 |  4- 6 |  7- 9 || total
-------------------------+-------+-------+-------++-------
Melee: Falchion          |   122 |   182 |   325 ||   629
       Tailslap          |    10 |    30 |    70 ||   110
Throw: Dart              |     5 |    23 |    24 ||    52
Evoke: Wand              |       |     1 |     1 ||     2
  Use: Scroll            |       |     2 |    10 ||    12
       Potion            |       |     6 |       ||     6
 Stab: Sleeping          |     5 |     4 |     1 ||    10
  Eat: Chunk             |     2 |     8 |     7 ||    17
       Ration            |       |       |     1 ||     1
Armor: Skin              |    35 |    59 |    95 ||   189
Dodge: Dodged            |    88 |   143 |   202 ||   433
       Rpst.: Falchion   |    19 |    41 |    62 ||   122

Table legend:
 A = Non-vault XP
 B = Vault XP
 C = Vault XP percentage of total XP
 D = Non-vault monster count
 E = Vault monster count
 F = Vault count percentage of total count
                 A         B        C        D         E       F
            +---------+---------+-------+---------+---------+-------
      Total |    2377 |     513 |  17.8 |     143 |       6 |   4.0
            +---------+---------+-------+---------+---------+-------
        D:1 |      54 |       0 |   0.0 |      29 |       0 |   0.0
        D:2 |      41 |      40 |  49.4 |      17 |       1 |   5.6
        D:3 |     202 |       0 |   0.0 |      32 |       0 |   0.0
        D:4 |     186 |     228 |  55.1 |      13 |       2 |  13.3
        D:5 |     864 |      76 |   8.1 |      30 |       2 |   6.2
        D:6 |    1030 |     169 |  14.1 |      22 |       1 |   4.3
            +---------+---------+-------+---------+---------+-------
